 Dungeon Crawl Stone Soup version 0.19.5 (webtiles) character file.

734761 XMarksTheSpot the Phalangite (level 27, -20/248 (250) HPs)
             Began as a Merfolk Gladiator on Apr 27, 2017.
             Was the Champion of Dithmenos.
             Killed from afar by a Brimstone Fiend (49 damage)
             ... with damnation
             ... created by the effects of Hell
             ... on level 7 of Gehenna on Apr 29, 2017.
             The game lasted 11:14:21 (95316 turns).

XMarksTheSpot the Phalangite (Merfolk Gladiator)   Turns: 95316, Time: 11:14:42

HP:   -20/248 (250) AC: 18    Str: 25      XL:     27
MP:   39/39         EV: 38    Int:  8      God:    Dithmenos [******]
Gold: 7055          SH: 35    Dex: 34 (35) Spells: 9 memorised, 20 levels left

rFire  + + +     SeeInvis .     a - +9 demon trident (drain)
rCold  . . .     Gourm    .     P - +1 leather armour "Ifiddoeb" {rElec rF+ Regen+ Str+4}
rNeg   + + +     Faith    +     V - +8 large shield {AC+3}
rPois  +         Spirit   .     x - +0 hat {MR+}
rElec  +         Reflect  .     p - +0 cloak of the Lute {rF+ Dex+3}
rCorr  .         Harm     .     M - +2 pair of gloves {Str+3}
MR     +++++     Clarity  +     O - +2 pair of boots {Stlth+}
Stlth  ++++++++++ NoTele   +    Z - amulet of Descent {Faith -Tele rF++ rN+++}
                                t - ring "Qotogh" {Str+2 Dex+4}
                                H - ring "Cat Owul" {Wiz rPois Dex+2}

@: wreathed by umbra
A: change form in water, swift swim, stealthy swim, fangs 1, horns 1, repulsion
field 1, slimy green scales 1, clarity, deterioration 1, magic resistance 2,
sense surroundings 1, robust 1, wild magic 1
a: Shadow Step, Shadow Form, Renounce Religion
}: 5/15 runes: serpentine, barnacled, silver, golden, abyssal


You were on level 7 of Gehenna.
You worshipped Dithmenos.
Dithmenos was exalted by your worship.
You were not hungry.

You visited 14 branches of the dungeon, and saw 59 of its levels.
You visited the Abyss 3 times.
You visited 1 bazaar.
You also visited: Labyrinth, Trove, Ice Cave and Volcano.

You collected 11114 gold pieces.
You spent 4059 gold pieces at shops.

Inventory:

Hand Weapons
 a - a +9 demon trident of draining (weapon)
 c - the +5 shortbow "Emmov" {velocity, Dex+2, unknown}
   (You found it on level 1 of the Abyss)

   Any arrow fired from it inflicts extra damage.
   It affects your dexterity (+2).
 f - a +5 demon trident
Missiles
 l - a javelin of returning (quivered)
 q - 19 poisoned javelins
 Q - 7 silver javelins
Armour
 p - the +0 cloak of the Lute (worn) {rF+ Dex+3}
   (You found it on level 1 of the Snake Pit)

   It affects your dexterity (+3).
   It protects you from fire.
 x - a +0 hat of magic resistance (worn)
 M - a +2 pair of gloves of strength (worn)
 O - a +2 pair of boots of stealth (worn)
 P - the +1 leather armour "Ifiddoeb" (worn) {rElec rF+ Regen+ Str+4}
   (You found it in a labyrinth)

   It affects your strength (+4).
   It protects you from fire.
   It insulates you from electricity.
   It increases your rate of regeneration.
 V - a +8 large shield of protection (worn)
Jewellery
 t - the ring "Qotogh" (right hand) {Str+2 Dex+4}
   (You found it on level 5 of the Abyss)

   [ring of strength]

   It affects your strength (+2).
   It affects your dexterity (+4).
 H - the ring "Cat Owul" (left hand) {Wiz rPois Dex+2}
   (You took it off a deep elf mage on level 3 of the Elven Halls)

   [ring of wizardry]

   It improves your spell success rate.
   It affects your dexterity (+2).
   It protects you from poison.
 Z - the amulet of Descent (around neck) {Faith -Tele rF++ rN+++}
   (You found it in a treasure trove)

   [amulet of faith]

   It allows you to gain divine favour quickly.
   It greatly protects you from fire.
   It renders you almost immune to negative energy.
   It prevents most forms of teleportation.
Wands
 j - a wand of disintegration (13/24)
 o - a wand of digging (15/24)
 w - a wand of heal wounds (8/9)
 I - a wand of teleportation (6/9)
 J - a wand of lightning (13/15)
Scrolls
 d - a scroll of blinking
 h - a scroll of amnesia
 k - 5 scrolls of remove curse
 n - 8 scrolls of teleportation
 u - 4 scrolls of fear
 D - a scroll of silence
 F - 2 scrolls of holy word
 K - 4 scrolls of magic mapping
 R - a scroll of enchant weapon
Potions
 b - 6 potions of heal wounds
 i - 3 potions of lignification
 m - 3 potions of haste
 A - 7 potions of agility
 B - 2 potions of resistance
 E - a potion of invisibility
 N - 5 potions of might
 U - 2 potions of cancellation
 X - 13 potions of curing
Miscellaneous
 e - a phial of floods
 Y - the horn of Geryon
Comestibles
 z - 7 meat rations


   Skills:
 + Level 21.1 Fighting
 + Level 26.8 Polearms
 + Level 11.4 Throwing
 + Level 8.5 Armour
 + Level 20.8 Dodging
 + Level 19.5 Stealth
 + Level 23.1 Shields
 * Level 12.4 Spellcasting
 + Level 5.4 Conjurations
 + Level 7.3 Hexes
 * Level 12.4 Necromancy
 + Level 6.1 Translocations
 * Level 18.0 Transmutations
 + Level 2.4 Ice Magic
 + Level 4.7 Poison Magic
 + Level 11.4 Invocations
 + Level 1.4 Evocations


You had 20 spell levels left.
You knew the following spells:

 Your Spells              Type           Power        Failure   Level  Hunger
a - Animate Skeleton      Necr           N/A          1%          1    None
b - Ensorcelled Hibernat  Hex/Ice        ###...       3%          2    #......
c - Confuse               Hex            ###.....     1%          3    ##.....
d - Dazzling Spray        Conj/Hex       ###...       3%          3    ##.....
e - Metabolic Englaciati  Hex/Ice        ###.......   52%         5    ######.
f - Alistair's Intoxicat  Tmut/Pois      ####....     3%          5    ######.
k - Blink                 Tloc           N/A          1%          2    #......
n - Necromutation         Tmut/Necr      #####.....   93%         8    #######
p - Apportation           Tloc           ###.......   1%          1    None


Dungeon Overview and Level Annotations

Branches:
Dungeon (15/15)            Temple (1/1) D:4            Lair (6/6) D:9
 Shoals (4/4) Lair:4        Snake (4/4) Lair:4        Slime (2/5) Lair:6
    Orc (2/2) D:10            Elf (3/3) Orc:2        Vaults (5/5) D:13
  Crypt (3/3) Vaults:2       Tomb (3/3) Crypt:3      Depths (3/5) D:15
   Hell (1/1)                 Dis (0/7) Hell            Geh (7/7) Hell
    Coc (0/7) Hell            Tar (0/7) Hell

Altars:
Ashenzari
Cheibriados
Dithmenos
Elyvilon
Fedhas
Gozag
Hepliaklqana
Kikubaaqudgha
Makhleb
Nemelex Xobeh
Okawaru
Qazlal
Ru
Sif Muna
Trog
Uskayaw
Vehumet
Xom
Yredelemnul
Zin
The Shining One
Jiyva

Shops:
D:11 }   D:12 :   D:13 [   Orc:2 }=%   Elf:1 (?}   Elf:2 =   Elf:3 (*
Shoals:1 !   Shoals:4 *   Vaults:1 !}*[   Vaults:5 (*

Portals:
Hell: Depths:1 Depths:2
Abyss: Depths:2

Annotations:
D:3 dark4128's ghost, amateur DsGl
D:7 exclusion: door
Shoals:2 Nikola


Innate Abilities, Weirdness & Mutations

You revert to your normal form in water.
You are very nimble and swift while swimming.
You are very stealthy in the water. (Stealth+)
You have very sharp teeth.
You have a pair of small horns on your head.
You are surrounded by a mild repulsion field. (EV +2)
You are partially covered in slimy green scales. (AC +2)
You possess an exceptional clarity of mind.
Your body sometimes deteriorates upon taking damage.
You are highly resistant to hostile enchantments. (MR++)
You passively map a small area around you.
You are robust. (+10% HP)
Your spells are a little harder to cast, but a little more powerful.


Message History

The damnation engulfs the Brimstone Fiend.
The Brimstone Fiend completely resists.
You hit the Brimstone Fiend but do no damage.
Your headbutt misses the Brimstone Fiend.
The Brimstone Fiend is almost dead.
Your shadow hits the Brimstone Fiend but does no damage.
You barely miss the Brimstone Fiend. You headbutt the Brimstone Fiend!
The Brimstone Fiend is almost dead.
The Brimstone Fiend gestures at you.
The sphere of damnation explodes!
The damnation engulfs you!
* * * LOW HITPOINT WARNING * * *
The damnation engulfs the Brimstone Fiend.
The Brimstone Fiend completely resists.
You hit the Brimstone Fiend but do no damage.
You headbutt the Brimstone Fiend, but do no damage.
The Brimstone Fiend is almost dead.
Your shadow hits the Brimstone Fiend but does no damage.
The Brimstone Fiend gestures at you.
The sphere of damnation explodes!
The damnation engulfs you!
You die...

§≈≈≈........# +# ,
≈§≈≈§.......# #+.#*
≈§≈§≈.......# ##..# ,
§§§≈≈......## #...# ,
+ ≈§§§......#####§§.#
≈§.≈.....####§§§§§#
≈≈......####)†§§§§#*,
§≈....'####..##§§§#*
* §≈≈...'..'...##§@1#
* §≈≈≈..'..'...##§§§#
*,
§≈....'####..##§§§#*
,
§≈≈.....####.++§§§#*
+ §≈)......####++§§§#
,, ≈≈.≈......##
#...#* ,
§≈≈........## #...#*
§≈≈.........# ##..# ,
+ ≈§§.≈.......#


8 You could see a Brimstone Fiend.

Vanquished Creatures
  Khufu (Tomb:3)
  26 greater mummies
  Sojobo (Crypt:3)
  9 ancient liches
  The ghost of DwarfAlpaca the Slayer, a legendary GrFi of Okawaru (Tomb:3)
  Bai Suzhen (Vaults:4)
  Geryon (Hell)
  3 golden dragons
  7 bone dragons
  11 Brimstone Fiends
  2 Hell Sentinels
  2 tentacled monstrosities
  7 titans
  An acid blob (Slime:2)
  2 deep elf master archers (Elf:3)
  11 liches
  Polyphemus (Shoals:4)
  11 tentacled starspawn
  3 ancient champions
  A quicksilver dragon (Abyss:5)
  2 deep elf blademasters (Elf:3)
  10 sphinxes
  Kirke (Shoals:3)
  Gastronok (D:9)
  Agnes (Snake:1)
  The ghost of Peloso the Fencer, an adept MiFi of Okawaru (Snake:1)
  Ilsuiw (Shoals:4)
  2 storm dragons
  5 shadow dragons
  10 fire giants
  7 nagarajas
  7 tengu reavers
  5 revenants
  Roxanne (Shoals:2)
  16 vault wardens
  Aizul (Vaults:4)
  14 deep elf sorcerers
  2 frost giants
  An orc warlord (Vaults:5)
  7 deep elf elementalists
  2 curse skulls (Crypt:3)
  5 balrugs
  8 reapers
  16 very ugly things
  7 ghouls
  7 vampire knights
  A draconian caller (Abyss:3)
  3 war gargoyles (Crypt:3)
  9 ironheart preservers
  17 stone giants
  12 bennus
  A lorocyproca (Depths:2)
  10 deep elf annihilators
  7 deep elf demonologists
  A white draconian (Abyss:1)
  A purple draconian (Abyss:4)
  4 eidola
  A green death (Depths:2)
  4 blizzard demons
  7 merfolk javelineers
  A quicksilver dragon zombie (Hell)
  A minotaur (Lab)
  14 ettins
  29 mummy priests
  24 jiangshi
  13 yaktaur captains
  8 fire dragons
  4 great orbs of eyes
  2 crystal guardians
  7 merfolk impalers
  9 deep elf death magi
  10 deep elf high priests
  34 vault guards
  A minotaur (shapeshifter) (Elf:2)
  2 rakshasas
  8 ice dragons
  2 spriggan air magi (Depths:2)
  7 hydras
  17 naga warriors
  Erolcha (D:9)
  3 death knights
  2 quicksilver dragon skeletons (Geh:7)
  A catoblepas (shapeshifter) (Vaults:5)
  3 merfolk avatars
  8 merfolk aquamancers
  3 catoblepae
  2 alligator snapping turtles (Shoals:4)
  19 anacondas
  46 dancing weapons
  4 deep troll shamans
  15 vampire magi
  3 satyrs (Shoals:4)
  10 centaur warriors
  10 ogre magi
  11 thrashing horrors
  2 titan zombies
  15 hell hogs
  77 death scarabs
  4 deep troll earth magi
  2 spriggan berserkers (Depths:2)
  2 orc high priests (Depths:1)
  3 soul eaters
  3 storm dragon zombies
  8 death yaks
  16 naga sharpshooters
  11 sun demons
  Sonja (Lair:3)
  A spriggan (Depths:2)
  2 fire crabs
  6 wretched stars
  4 shock serpents
  23 deep elf knights
  3 spatial maelstroms
  A ghost moth zombie (Crypt:2)
  46 skeletal warriors
  5 titan skeletons
  2 shadow demons
  7 shadow wraiths
  3 anaconda zombies
  2 salamander mystics (Snake:4)
  2 sixfirhies
  A golden dragon zombie (Geh:6)
  7 unseen horrors
  4 glowing orange brains
  3 storm dragon skeletons
  4 wizards
  5 flayed ghosts
  6 sea snakes
  2 shadow dragon zombies
  17 deep elf archers
  An orange crystal statue (Abyss:4)
  37 hell knights
  15 deep trolls
  A golden dragon skeleton (Crypt:2)
  A hill giant (shapeshifter) (Vaults:4)
  2 lindwurms
  6 naga ritualists
  17 ironbrand convokers
  3 anaconda skeletons
  93 deep elf magi
  6 hill giants
  6 mana vipers
  20 harpies
  13 phantasmal warriors
  2 harpies (shapeshifter)
  7 orc knights
  14 necromancers
  2 iron dragon zombies
  2 wolf spiders
  3 fire giant zombies
  3 stone giant zombies
  46 ugly things
  2 iron dragon skeletons
  2 fauns
  A frost giant zombie (Geh:2)
  2 shadow dragon skeletons
  8 elephants
  A shock serpent zombie (Tomb:3)
  7 cyclopes
  6 salamanders
  20 manticores
  A shining eye (Slime:1)
  3 worldbinders
  A cyclops (shapeshifter) (Vaults:4)
  3 frost giant skeletons
  39 black mambas
  A dire elephant zombie (Crypt:3)
  3 centaur zombies
  8 water nymphs
  11 sirens
  13 fire giant skeletons
  A rust devil (Depths:2)
  Joseph (D:7)
  13 guardian serpents
  An apocalypse crab (Abyss:5)
  4 stone giant skeletons
  3 ice statues
  28 naga magi
  15 smoke demons
  8 spiny frogs
  13 molten gargoyles
  A dire elephant skeleton (Crypt:1)
  19 vault sentinels
  4 gargoyles (Crypt:3)
  7 rime drakes
  5 komodo dragons
  5 orange demons
  6 hellions
  4 kobold demonologists
  44 yaktaurs
  14 freezing wraiths
  An efreet (Geh:5)
  2 ice devils (Depths:2)
  A harpy zombie (Geh:1)
  51 guardian mummies
  2 emperor scorpion zombies (Crypt:2)
  A green draconian zombie (Crypt:1)
  6 ancient zymes
  A demonic crawler (Abyss:3)
  A green draconian skeleton (Crypt:2)
  A tengu conjurer (Depths:1)
  A hellwing (Abyss:2)
  7 tormentors
  A death drake zombie (Crypt:1)
  An anaconda simulacrum (Crypt:2)
  2 trolls
  A troll (shapeshifter) (Vaults:4)
  4 hydra zombies
  A grey draconian skeleton (Crypt:1)
  4 polar bears
  9 red devils
  A purple draconian skeleton (Crypt:1)
  A two-headed ogre (shapeshifter) (Depths:1)
  A jumping spider (shapeshifter) (Vaults:3)
  24 merfolk
  5 hornets
  A polar bear (shapeshifter) (Vaults:1)
  A tengu simulacrum (Vaults:2)
  2 bog bodies (Crypt:3)
  2 harpy skeletons
  A wind drake (Shoals:3)
  4 alligator zombies
  13 two-headed ogres
  20 blink frogs
  7 hippogriffs
  10 raiju
  A stone giant simulacrum (Abyss:3)
  A blink frog (shapeshifter) (Elf:2)
  A fire dragon zombie (Tomb:3)
  A minotaur skeleton (Lab)
  46 slime creatures
  12 snapping turtles
  5 ettin zombies
  2 hydra skeletons
  10 fire dragon skeletons (Crypt:3)
  66 flying skulls
  3 ice dragon zombies
  2 redbacks (shapeshifter)
  A black mamba zombie (Hell)
  8 shadows
  2 ettin skeletons (Crypt:3)
  3 air elementals
  An alligator skeleton (Geh:7)
  21 wraiths
  5 ynoxinuls
  A spriggan (shapeshifter) (Vaults:3)
  22 water elementals
  5 ice dragon skeletons
  2 redbacks (Lab)
  6 wyverns
  A black mamba skeleton (Crypt:3)
  30 ushabtiu
  74 yaks
  7 fire bats
  5 vampires
  A human (D:7)
  4 hogs (D:7)
  4 neqoxecs
  A golden eye (shapeshifter) (Vaults:1)
  A hill giant zombie (Crypt:1)
  2 steam dragons
  6 chaos spawn
  14 fire elementals
  9 basilisks
  7 hungry ghosts
  A yaktaur simulacrum (Vaults:3)
  2 spatial vortices
  A merfolk zombie (Geh:6)
  60 nagas
  3 mottled dragons
  20 large abominations
  5 wargs
  16 water moccasins
  2 hydra simulacra (Hell)
  36 hell hounds
  A spiny frog zombie (Hell)
  15 porcupines
  A hell hound (shapeshifter) (Vaults:5)
  3 sky beasts
  A hornet zombie (Crypt:1)
  21 ice beasts
  2 spiny frog skeletons
  35 orc warriors
  A manticore zombie (Geh:7)
  4 black bears
  26 starcursed masses
  32 ogres
  A phantom (D:13)
  6 necrophages
  An ogre (shapeshifter) (Vaults:5)
  3 snapping turtle skeletons
  A tengu (shapeshifter) (Depths:2)
  11 boggarts
  25 wolves
  25 centaurs
  An ice dragon simulacrum (Vaults:1)
  A crocodile (shapeshifter) (Abyss:3)
  22 crocodiles
  3 big kobolds (D:13)
  An elf zombie (Crypt:3)
  4 earth elementals
  A fire crab zombie (Crypt:1)
  A gnoll sergeant (D:7)
  21 bullfrogs
  A spiny frog simulacrum (Crypt:1)
  A scorpion (shapeshifter) (Abyss:4)
  23 small abominations
  8 scorpions
  A warg zombie (Crypt:2)
  A human simulacrum (Vaults:1)
  A snapping turtle simulacrum (Abyss:5)
  48 wights
  7 electric eels (D:12)
  4 howler monkeys
  12 lava snakes
  5 crimson imps
  2 quasits
  3 bullfrog zombies
  5 jellies
  A bullfrog skeleton (D:7)
  18 orc priests
  4 hounds
  2 iron imps (Abyss:3)
  3 centaur skeletons
  An iguana (shapeshifter) (Vaults:3)
  2 gnoll shamans
  An iguana (D:5)
  21 orc wizards
  7 worker ants
  A naga zombie (Crypt:1)
  A tengu skeleton (Crypt:3)
  2 hound skeletons
  50 mummies
  A howler monkey zombie (D:9)
  11 adders
  17 gnolls
  A steam dragon zombie (Crypt:2)
  3 river rats
  3 shadow imps
  A swamp drake skeleton (Crypt:2)
  3 white imps (Abyss:3)
  An ufetubus (Abyss:3)
  2 oozes
  A lava snake zombie (Crypt:2)
  An adder skeleton (D:5)
  3 worms
  A dart slug (D:1)
  4 leopard geckos
  56 orcs
  A ball python (D:6)
  7 bats
  5 giant cockroaches
  9 goblins
  11 hobgoblins
  12 jackals
  15 kobolds
  2 quokkas
  11 frilled lizards
  A leopard gecko skeleton (Crypt:2)
  An orc skeleton (Crypt:3)
  A quokka skeleton (Crypt:1)
  A quokka zombie (D:7)
  5 rats
  2 crawling corpses (Elf:3)
  A fungus (Lair:6)
  A lurking horror (Abyss:3)
  4 plants
  A starspawn tentacle (Abyss:1)
  A withered plant (Crypt:3)
3019 creatures vanquished.

Vanquished Creatures (collateral kills)
  An ironheart preserver (Vaults:5)
1 creature vanquished.

Vanquished Creatures (others)
  Boris (Vaults:4)
  An eldritch tentacle (Geh:7)
  A fire giant (Vaults:5)
  A deep elf demonologist (Vaults:5)
  A deep elf death mage (Elf:2)
  4 death scarabs
  A hell hog (Geh:5)
  An ogre mage (Vaults:1)
  A hell hog (shapeshifter) (Vaults:1)
  A deep elf knight (Elf:2)
  A skeletal warrior (Tomb:2)
  2 deep elf magi
  A guardian serpent (Snake:4)
  A black mamba (shapeshifter) (Elf:1)
  A shock serpent zombie (Tomb:2)
  4 merfolk
  A wind drake (Shoals:1)
  8 flying skulls
  A shadow (Abyss:5)
  A water elemental (Elf:3)
  2 wraiths
  A chaos spawn (Abyss:4)
  A golden eye (Abyss:2)
  6 humans
  2 ogres (Vaults:5)
  A boggart (Vaults:2)
  A bullfrog (Lair:5)
  A small abomination (Abyss:4)
  A wight (Geh:2)
  6 mummies (Tomb:2)
  A ball lightning (Tomb:2)
  An orc (Vaults:5)
  13 fungi
  A lurking horror (Abyss:2)
  22 plants
  18 starspawn tentacles
  23 withered plants (Crypt:3)
135 creatures vanquished.

Grand Total: 3155 creatures vanquished

Notes
Turn   | Place    | Note
-------+----------+-------------------------------------------
     0 | D:1      | XMarksTheSpot the Merfolk Gladiator began the quest for the Orb.
     0 | D:1      | Reached XP level 1. HP: 16/16 MP: 1/1
   104 | D:1      | Reached XP level 2. HP: 9/22 MP: 2/2
   295 | D:1      | Reached XP level 3. HP: 23/27 MP: 3/3
   529 | D:1      | Reached skill level 5 in Polearms
   707 | D:2      | Reached skill level 5 in Dodging
   840 | D:2      | Found a hide-covered altar of Uskayaw.
   864 | D:2      | Reached XP level 4. HP: 34/34 MP: 4/4
  1291 | D:2      | Found a burning altar of Makhleb.
  1689 | D:3      | Reached skill level 1 in Stealth
  1720 | D:3      | Reached skill level 1 in Armour
  1775 | D:2      | Reached XP level 5. HP: 19/39 MP: 5/5
  1940 | D:3      | Reached skill level 6 in Polearms
  2064 | D:3      | Noticed dark4128's ghost (amateur DsGl)
  2178 | D:5      | Entered Level 5 of the Dungeon
  2459 | D:3      | Found a sparkling altar of Nemelex Xobeh.
  2707 | D:4      | Found a staircase to the Ecumenical Temple.
  2713 | Temple   | Entered the Ecumenical Temple
  2905 | Temple   | Became a worshipper of Dithmenos the Shadowed
  2960 | D:4      | Reached XP level 6. HP: 42/47 MP: 3/6
  2971 | D:4      | Reached skill level 7 in Polearms
  3531 | D:5      | Found a radiant altar of Vehumet.
  3929 | D:5      | Reached XP level 7. HP: 42/52 MP: 7/7
  3968 | D:5      | Reached skill level 8 in Polearms
  3972 | D:5      | Gained mutation: Scrolls take you a little longer to read. [mutagenic meat]
  3973 | D:5      | Gained mutation: You are resistant to hostile enchantments. (MR+) [mutagenic meat]
  3974 | D:5      | Gained mutation: You are partially covered in thin metallic scales. (AC +2) [mutagenic meat]
  3975 | D:5      | Gained mutation: You are occasionally teleported next to monsters. [mutagenic meat]
  3976 | D:5      | Gained mutation: Your flesh is heat resistant. (rF+) [mutagenic meat]
  4237 | D:5      | Found a blossoming altar of Fedhas.
  4237 | D:5      | Found a faded altar of an unknown god.
  4242 | D:5      | Found a faded altar of an unknown god.
  4244 | D:5      | Found a faded altar of an unknown god.
  4247 | D:5      | Found a faded altar of an unknown god.
  4346 | D:6      | Found a glowing silver altar of Zin.
  4453 | D:6      | Found an ancient bone altar of Kikubaaqudgha.
  4554 | D:6      | Reached * piety under Dithmenos
  4994 | D:7      | Reached skill level 9 in Polearms
  4994 | D:7      | Reached XP level 8. HP: 60/61 MP: 6/8
  5019 | D:7      | Reached skill level 10 in Polearms
  5184 | D:7      | Reached skill level 5 in Fighting
  5184 | D:7      | Reached skill level 11 in Polearms
  5486 | D:7      | Found a sparkling altar of Nemelex Xobeh.
  5604 | D:7      | Reached XP level 9. HP: 44/68 MP: 4/9
  6008 | D:7      | Reached skill level 12 in Polearms
  6244 | D:7      | Noticed Joseph
  6314 | D:7      | Killed Joseph
  6363 | D:7      | Reached skill level 5 in Stealth
  6375 | D:7      | Reached skill level 13 in Polearms
  6394 | D:7      | Reached XP level 10. HP: 36/77 MP: 7/10
  6702 | D:8      | Reached skill level 14 in Polearms
  6852 | D:9      | Found a snail-covered altar of Cheibriados.
  7132 | D:8      | Reached ** piety under Dithmenos
  7247 | D:9      | Found a staircase to the Lair.
  7272 | D:10     | Entered Level 10 of the Dungeon
  7886 | D:9      | Noticed Erolcha
  7886 | D:9      | Gained mutation: Your mind is acute. (Int +2) [potion of mutation]
  7886 | D:9      | Gained mutation: You are robust. (+10% HP) [potion of mutation]
  7886 | D:9      | Lost mutation: You are resistant to hostile enchantments. (MR+) [potion of mutation]
  7888 | D:9      | Gained mutation: You have very sharp teeth. [potion of beneficial mutation]
  7889 | D:9      | Lost mutation: You are partially covered in thin metallic scales. (AC +2) [potion of cure mutation]
  7889 | D:9      | Lost mutation: Your mind is acute. (Int +2) [potion of cure mutation]
  7889 | D:9      | Lost mutation: Scrolls take you a little longer to read. [potion of cure mutation]
  7889 | D:9      | Lost mutation: You are occasionally teleported next to monsters. [potion of cure mutation]
  7889 | D:9      | Lost mutation: You are robust. (+10% HP) [potion of cure mutation]
  7889 | D:9      | Lost mutation: Your flesh is heat resistant. (rF+) [potion of cure mutation]
  7900 | D:9      | Killed Erolcha
  8070 | D:9      | Noticed Gastronok
  8097 | D:9      | Killed Gastronok
  8097 | D:9      | Reached skill level 15 in Polearms
  8097 | D:9      | Reached XP level 11. HP: 47/87 MP: 5/11
  8434 | Lair:1   | Entered Level 1 of the Lair of Beasts
  9168 | Lair:1   | Reached *** piety under Dithmenos
  9773 | Lair:1   | Killed an unseen horror
  9935 | Lair:3   | Reached skill level 10 in Dodging
 10098 | Lair:3   | Reached XP level 12. HP: 68/96 MP: 12/12
 10198 | Lair:3   | Reached skill level 16 in Polearms
 10222 | Lair:3   | Got a brightly glowing turquoise ring
 10227 | Lair:3   | Noticed Sonja
 10237 | Lair:3   | Identified the ring of Law {Int+3 SInv} (You found it on level 3 of the Lair of Beasts)
 10416 | Lair:3   | Found a dark tunnel.
 10425 | Volcano  | Entered a volcano
 11290 | Volcano  | Found a bloodstained altar of Trog.
 11317 | Volcano  | Reached skill level 10 in Fighting
 11573 | Volcano  | Noticed a fire dragon
 11592 | Volcano  | Killed a fire dragon
 11592 | Volcano  | Reached skill level 5 in Armour
 11994 | Lair:2   | Reached **** piety under Dithmenos
 12163 | Lair:2   | Reached skill level 5 in Throwing
 12288 | Lair:2   | Noticed a five-headed hydra
 12347 | Lair:2   | Killed a five-headed hydra
 13417 | Lair:3   | HP: 7/150 [spiny frog (6)]
 13419 | Lair:3   | Reached XP level 13. HP: 6/106 MP: 2/13
 13422 | Lair:3   | HP: 5/159 [poisoned by a spiny frog]
 13427 | Lair:3   | HP: 4/159 [poisoned by a spiny frog]
 13432 | Lair:3   | HP: 4/159 [poisoned by a spiny frog]
 13439 | Lair:3   | HP: 5/159 [poisoned by a spiny frog]
 13447 | Lair:3   | HP: 5/159 [poisoned by a spiny frog]
 13846 | Lair:3   | Learned a level 3 spell: Dazzling Spray
 13854 | Lair:3   | Got a warped chain mail
 13876 | Lair:3   | Identified the +1 chain mail of Kiso {*Contam Str+2 Int+3} (You found it on level 3 of the Lair of Beasts)
 14206 | Lair:3   | Reached skill level 1 in Hexes
 14294 | Lair:3   | Killed Sonja
 14294 | Lair:3   | Reached skill level 1 in Spellcasting
 14377 | Lair:3   | Reached skill level 1 in Conjurations
 14423 | Lair:3   | Reached skill level 17 in Polearms
 15087 | Lair:4   | Found a staircase to the Snake Pit.
 15561 | Lair:4   | Found a staircase to the Shoals.
 16019 | Lair:6   | Entered Level 6 of the Lair of Beasts
 16959 | Lair:6   | Reached ***** piety under Dithmenos
 17546 | Lair:6   | Learned a level 5 spell: Alistair's Intoxication
 17608 | Lair:6   | Found a viscous altar of Jiyva.
 17609 | Lair:6   | Found a staircase to the Slime Pits.
 17851 | Lair:6   | Reached XP level 14. HP: 115/115 MP: 16/18
 18415 | Lair:6   | Reached skill level 1 in Poison Magic
 18422 | Lair:6   | Found a large runed door.
 18425 | Lair:6   | Reached skill level 1 in Transmutations
 18466 | Lair:6   | Found a large runed door.
 18497 | Lair:6   | Reached skill level 1 in Invocations
 20124 | Lair:6   | Reached ****** piety under Dithmenos
 20560 | D:10     | Paralysed by a hornet for 2 turns
 20728 | D:10     | Found a staircase to the Orcish Mines.
 21069 | Orc:1    | Entered Level 1 of the Orcish Mines
 21319 | Orc:2    | Entered Level 2 of the Orcish Mines
 21427 | Orc:1    | Found a bloodstained altar of Trog.
 21794 | Orc:2    | Found a staircase to the Elven Halls.
 21925 | Orc:2    | Reached skill level 18 in Polearms
 22166 | Orc:2    | Reached skill level 5 in Hexes
 22185 | Orc:2    | Found Xodielio's Food Boutique.
 22185 | Orc:2    | Found Zaot's Jewellery Shoppe.
 22186 | Orc:2    | Found Erusoeg's Gadget Emporium.
 22716 | Orc:2    | Found Jiab's Assorted Antiques.
 22729 | Orc:2    | Bought a cursed ring of loudness for 63 gold pieces
 22729 | Orc:2    | Bought a cursed ring of teleportation for 63 gold pieces
 23377 | Elf:1    | Entered Level 1 of the Elven Halls
 23402 | Elf:1    | Found Guodghibe's Magic Scroll Shop.
 23422 | Elf:1    | Bought a scroll of identify for 22 gold pieces
 23422 | Elf:1    | Bought a scroll of identify for 22 gold pieces
 23422 | Elf:1    | Bought a scroll of identify for 22 gold pieces
 23422 | Elf:1    | Bought a scroll of identify for 22 gold pieces
 23422 | Elf:1    | Bought a scroll of fear for 38 gold pieces
 23422 | Elf:1    | Bought a scroll of remove curse for 33 gold pieces
 23425 | Elf:1    | Identified a scroll of acquirement
 23427 | Elf:1    | Got a wavering lead amulet
 23429 | Elf:1    | Identified the amulet of the Scarab {Gourm rF+ rC+ MP-9} (You acquired it on level 1 of the Elven Halls)
 23581 | Elf:1    | Found Ruylad's Weapon Boutique.
 23617 | Elf:1    | Found a radiant altar of Vehumet.
 23642 | Elf:1    | Reached XP level 15. HP: 90/122 MP: 12/21
 24267 | Elf:1    | Reached skill level 1 in Shields
 24725 | Elf:1    | Reached skill level 5 in Spellcasting
 24772 | Elf:1    | Noticed a deep elf sorcerer
 24774 | Elf:1    | Noticed a deep elf sorcerer
 24782 | Elf:1    | Killed a deep elf sorcerer
 24790 | Elf:1    | Killed a deep elf sorcerer
 25056 | Elf:1    | Found Ziannack's Gadget Shoppe.
 25456 | Elf:2    | Found Deacalimn's Jewellery Shoppe.
 25563 | Elf:1    | Noticed a deep elf sorcerer
 25589 | Elf:1    | Identified Sif Muna's Reference Book on Creative Confrontation
 25632 | Elf:1    | Reached skill level 5 in Invocations
 25757 | Elf:1    | Noticed a deep elf sorcerer
 25772 | Elf:1    | Killed a deep elf sorcerer
 25772 | Elf:1    | Reached skill level 10 in Stealth
 25982 | Elf:1    | Cast into level 3 of the Abyss (battleaxe of distortion)
 26012 | Abyss:3  | Got a dazzling leather armour
 26023 | Abyss:3  | Identified the cursed +1 leather armour of Salvation {Str+2} (You found it on level 3 of the Abyss)
 26031 | Abyss:3  | Noticed a tentacled starspawn
 26035 | Abyss:3  | Gained mutation: Armour fits poorly on your strangely shaped body. [mutagenic glow]
 26123 | Abyss:3  | Noticed a cacodemon
 26198 | Abyss:4  | Noticed a revenant
 26288 | Abyss:4  | Noticed a tentacled starspawn
 26376 | Elf:1    | Escaped the Abyss
 26673 | Shoals:1 | Entered Level 1 of the Shoals
 26695 | Shoals:1 | Found Curcheiwul's Distillery.
 26704 | Shoals:1 | Bought a potion of heal wounds for 60 gold pieces
 27080 | Shoals:1 | Reached XP level 16. HP: 120/131 MP: 14/23
 28584 | Shoals:2 | Reached skill level 19 in Polearms
 28740 | Shoals:2 | Noticed Nikola
 28791 | Shoals:3 | Noticed Kirke
 29036 | Shoals:2 | Noticed Roxanne
 29796 | Shoals:2 | Killed Roxanne
 29798 | Shoals:2 | Identified Roxanne's Collected Works on Shape Shifting (You took it off Roxanne on level 2 of the Shoals)
 30358 | Lair:1   | Learned a level 1 spell: Apportation
 30551 | Elf:2    | Bought the ring of Maunnof {rPois rF+} for 543 gold pieces
 30641 | Elf:3    | Entered Level 3 of the Elven Halls
 30648 | Elf:2    | Got a scorched war axe
 30890 | Elf:2    | Noticed an Ice Fiend
 30980 | Elf:2    | Noticed a storm dragon
 30980 | Elf:2    | an emperor scorpion changed into a storm dragon
 30980 | Elf:2    | a storm dragon changed into a minotaur
 31013 | Elf:2    | Gained mutation: Your magical capacity is low. (-10% MP) [mutagenic meat]
 31014 | Elf:2    | Gained mutation: You are resistant to hostile enchantments. (MR+) [mutagenic meat]
 31073 | Elf:2    | Gained mutation: Your spells are a little easier to cast, but a little less powerful. [mutagenic meat]
 31966 | Elf:2    | Reached skill level 5 in Conjurations
 32089 | Elf:2    | Found a large runed door.
 32089 | Elf:2    | Found a large runed door.
 32127 | Elf:2    | Found a large runed door.
 32127 | Elf:2    | Found a large runed door.
 32288 | Elf:2    | Reached XP level 17. HP: 139/139 MP: 1/23
 32289 | Elf:2    | Identified the +0 war axe of Reigial {vamp, MP+9 Str+4 SInv} (You found it on level 2 of the Elven Halls)
 33798 | Elf:3    | Found Poug's General Store.
 33798 | Elf:3    | Found Waicaw's Weapon Emporium.
 34039 | Elf:3    | Bought a scroll of identify for 32 gold pieces
 34246 | Elf:3    | Cast into level 2 of the Abyss (a deep elf sorcerer)
 34312 | Abyss:2  | Noticed a Hell Sentinel
 34626 | Abyss:2  | Got a smoking leather armour
 34638 | Abyss:2  | Noticed a bone dragon
 34936 | Abyss:2  | Identified the +2 leather armour "Liwkoedy" {rN++} (You found it on level 2 of the Abyss)
 34948 | Abyss:2  | Found a corrupted altar of Lugonu.
 34957 | Abyss:2  | Found a viscous altar of Jiyva.
 34995 | Abyss:4  | Found a corrupted altar of Lugonu.
 34999 | Abyss:4  | Found a corrupted altar of Lugonu.
 35059 | Abyss:4  | Noticed a bone dragon
 35114 | Abyss:4  | Reached skill level 20 in Polearms
 35445 | Abyss:4  | Gained mutation: You are agile. (Dex +2) [mutagenic meat]
 35448 | Abyss:4  | Gained mutation: Your spells are easier to cast, but less powerful. [mutagenic meat]
 35624 | Abyss:4  | Noticed a tentacled starspawn
 35701 | Abyss:4  | Reached skill level 10 in Invocations
 35703 | Elf:3    | Escaped the Abyss
 35850 | Elf:3    | Noticed an Ice Fiend
 35863 | Elf:3    | Reached XP level 18. HP: 142/148 MP: 5/24
 36061 | Elf:3    | Noticed a deep elf blademaster
 36073 | Elf:3    | Killed a deep elf blademaster
 36228 | Elf:3    | Noticed a deep elf blademaster
 37411 | Shoals:2 | Reached skill level 15 in Fighting
 37696 | Shoals:3 | Killed Kirke
 37726 | Shoals:3 | Learned a level 3 spell: Confuse
 38912 | Shoals:4 | Entered Level 4 of the Shoals
 39422 | Shoals:4 | Noticed Ilsuiw
 39483 | Shoals:4 | Reached skill level 5 in Shields
 39527 | Shoals:4 | Found Heh Jaing's Assorted Antiques.
 39536 | Shoals:4 | Bought a scroll of enchant weapon for 277 gold pieces
 39587 | Shoals:4 | Killed Ilsuiw
 40192 | Shoals:4 | Noticed Polyphemus
 41089 | Shoals:4 | Got a barnacled rune of Zot
 41148 | Shoals:4 | Got a jewelled scale mail
 41159 | Shoals:4 | Identified the +4 scale mail of the Armoured One {rC++ MR+} (You found it on level 4 of the Shoals)
 41247 | Shoals:4 | Reached XP level 19. HP: 149/155 MP: 16/25
 41275 | Shoals:4 | Killed Polyphemus
 41701 | Snake:1  | Entered Level 1 of the Snake Pit
 42049 | Snake:1  | Noticed Agnes
 42062 | Snake:1  | Killed Agnes
 42109 | Snake:1  | Noticed Peloso's ghost (adept MiFi)
 42343 | Snake:1  | Got a faintly glowing cloak
 42354 | Snake:1  | Identified the cursed +0 cloak of the Lute {rF+ Dex+3} (You found it on level 1 of the Snake Pit)
 43400 | Elf:3    | Reached skill level 21 in Polearms
 44344 | Elf:3    | Got a warped ivory ring
 44357 | Elf:3    | Identified the ring "Cat Owul" {Wiz rPois Dex+2} (You took it off a deep elf mage on level 3 of the Elven Halls)
 44379 | Elf:3    | Got a heavily runed scale mail
 44482 | Elf:3    | Got a transparent silver amulet
 44483 | Elf:3    | Identified Uxtuugia's Collected Works on the Boosting Rocks
 44486 | Elf:3    | Identified the amulet of the Pure Cities {Inacc rC++ Str+2} (You found it on level 3 of the Elven Halls)
 44499 | Elf:3    | Identified the Tome of Protection and Poison
 44523 | Elf:3    | Reached skill level 10 in Shields
 44967 | Lair:1   | Identified the +1 scale mail of Beekitz {rF+ rN+ Dex-4 SInv} (You took it off a deep elf master archer on level 3 of the Elven Halls)
 45031 | D:11     | Got a brightly glowing hand axe
 45032 | D:11     | Identified the cursed +0 hand axe "Naegi" {chop, *Corrode rC+ MR+} (You found it on level 11 of the Dungeon)
 45230 | D:11     | Found Kuxzu's Gadget Shop.
 45699 | D:13     | Got a scorched cloak
 45735 | D:13     | Identified the +2 cloak of Lilacs {+Inv Str-4 Dex+8 Slay-2} (You found it on level 13 of the Dungeon)
 45900 | D:13     | Found Bedu's Antique Armour Boutique.
 45903 | D:13     | Gained mutation: You are highly resistant to hostile enchantments. (MR++) [mutagenic meat]
 45905 | D:13     | Gained mutation: You have a pair of small antennae on your head. [mutagenic meat]
 45906 | D:13     | Gained mutation: Your body sometimes deteriorates upon taking damage. [mutagenic meat]
 45913 | D:13     | Bought a pair of glowing gloves for 336 gold pieces
 45913 | D:13     | Bought a pair of glowing boots for 336 gold pieces
 45913 | D:13     | Bought a slimy robe for 182 gold pieces
 45913 | D:13     | Bought a smoking robe for 182 gold pieces
 45943 | D:13     | Identified the +1 robe "Zamos" {rF+ Int+4} (You bought it in a shop on level 13 of the Dungeon)
 45953 | D:13     | Identified the +1 robe "Buicoa" {rPois Str+2 Slay-6} (You bought it in a shop on level 13 of the Dungeon)
 46398 | D:12     | Found Liloemi's Book Emporium.
 46485 | D:12     | Gained mutation: Your muscles are strong. (Str +2) [mutagenic meat]
 47185 | D:13     | Reached XP level 20. HP: 143/164 MP: 17/26
 47352 | D:13     | Found a gate to the Vaults.
 47804 | Lair:1   | Learned a level 1 spell: Animate Skeleton
 47925 | D:15     | Entered Level 15 of the Dungeon
 47990 | D:15     | Found a staircase to the Depths.
 47995 | D:15     | Found a labyrinth entrance.
 48004 | Lab      | Entered a labyrinth
 48270 | Lab      | Identified a +0 rod of clouds (12/12) (You found it in a labyrinth)
 48286 | Lab      | Got a dazzling leather armour
 48297 | Lab      | Identified the +1 leather armour "Ifiddoeb" {rElec rF+ Regen+ Str+4} (You found it in a labyrinth)
 48359 | D:15     | Found a frozen archway.
 48366 | IceCv    | Entered an ice cave
 48498 | IceCv    | Reached skill level 1 in Necromancy
 49429 | D:14     | Found a white marble altar of Elyvilon.
 49646 | D:15     | Found a shadowy altar of Dithmenos.
 50178 | Depths:1 | Entered Level 1 of the Depths
 50184 | Depths:1 | Found a gateway to Hell.
 50188 | Depths:2 | Found a flickering gateway to a bazaar.
 50231 | Bazaar   | Entered a bazaar
 50261 | Bazaar   | Found Giseilyxi's Book Shoppe.
 50276 | Bazaar   | Found Funainn's Weapon Shoppe.
 50276 | Bazaar   | Found Jupsulas's Weapon Emporium.
 50391 | Depths:1 | Reached skill level 15 in Dodging
 50436 | Depths:1 | Gained mutation: You are extremely resistant to the effects of hostile enchantments. (MR+++) [mutagenic meat]
 50439 | Depths:1 | Lost mutation: You have a pair of small antennae on your head. [mutagenic meat]
 50441 | Depths:1 | Lost mutation: Your spells are easier to cast, but less powerful. [mutagenic meat]
 50450 | Depths:1 | Gained mutation: You are partially covered in large bone plates. (SH +4) [mutagenic meat]
 50451 | Depths:1 | Lost mutation: Your muscles are strong. (Str +2) [mutagenic meat]
 50453 | Depths:1 | Gained mutation: You are robust. (+10% HP) [mutagenic meat]
 50582 | Depths:1 | Learned a level 2 spell: Ensorcelled Hibernation
 50617 | Depths:2 | Found a one-way gate to the infinite horrors of the Abyss.
 50657 | Depths:2 | Lost mutation: Your body sometimes deteriorates upon taking damage. [mutagenic meat]
 50699 | Depths:1 | Lost mutation: Armour fits poorly on your strangely shaped body. [mutagenic meat]
 50701 | Depths:1 | Gained mutation: Your body sometimes deteriorates upon taking damage. [mutagenic meat]
 50815 | Depths:1 | Found a deep blue altar of Sif Muna.
 50827 | Depths:1 | Reached skill level 1 in Ice Magic
 51120 | Depths:1 | Lost mutation: You are agile. (Dex +2) [mutagenic meat]
 51122 | Depths:1 | Gained mutation: You are partially covered in slimy green scales. (AC +2) [mutagenic meat]
 51520 | Depths:1 | Reached skill level 10 in Throwing
 51548 | Depths:1 | Got a distressingly furry chain mail
 51612 | Depths:1 | Got a transparent sapphire amulet
 51613 | Depths:1 | Identified the Catalogue of Mana
 51618 | Depths:1 | Identified the Catalogue of Calling
 51621 | Depths:1 | Identified the amulet "Yvukoff" {RegenMP Str+6 SInv} (You found it on level 1 of the Depths)
 51632 | Depths:1 | Identified the cursed +0 chain mail of the Lair of Beasts {+Inv Dex+2 Slay+2} (You took it off an orc high priest on level 1 of the Depths)
 52080 | Snake:1  | Killed Peloso's ghost
 52635 | Snake:2  | Got a thick robe
 52636 | Snake:2  | Identified the +1 robe of Omission {rF+ rC+ Str-2 Slay+4} (You took it off a naga on level 2 of the Snake Pit)
 52671 | Snake:2  | Got a jewelled large shield
 52682 | Snake:2  | Identified the +5 large shield of the Red Skies {MP+9} (You acquired it on level 2 of the Snake Pit)
 52787 | Snake:2  | Reached XP level 21. HP: 186/186 MP: 27/27
 52852 | Snake:2  | Found an ancient bone altar of Kikubaaqudgha.
 53386 | Snake:4  | Entered Level 4 of the Snake Pit
 53503 | Snake:3  | Found a snail-covered altar of Cheibriados.
 53682 | Snake:3  | Reached skill level 15 in Stealth
 54083 | Snake:4  | Gained mutation: You occasionally shout uncontrollably at your foes. [mutagenic meat]
 54085 | Snake:4  | Lost mutation: Your magical capacity is low. (-10% MP) [mutagenic meat]
 54261 | Snake:4  | Lost mutation: Your body sometimes deteriorates upon taking damage. [mutagenic meat]
 54275 | Snake:4  | Reached skill level 5 in Necromancy
 54289 | Snake:4  | Gained mutation: You are agile. (Dex +2) [mutagenic meat]
 54291 | Snake:4  | Gained mutation: You are dopey. (Int -2) [mutagenic meat]
 54292 | Snake:4  | Lost mutation: You are dopey. (Int -2) [mutagenic meat]
 54293 | Snake:4  | Gained mutation: You have a pair of small horns on your head. [mutagenic meat]
 54299 | Snake:4  | Gained mutation: You tend to lose your temper in combat. [mutagenic meat]
 54311 | Snake:4  | Lost mutation: You tend to lose your temper in combat. [mutagenic meat]
 54312 | Snake:4  | Gained mutation: Your system is resistant to poisons. (rPois) [mutagenic meat]
 54314 | Snake:4  | Lost mutation: You have a pair of small horns on your head. [mutagenic meat]
 54344 | Snake:4  | Gained mutation: You possess an exceptional clarity of mind. [mutagenic meat]
 54345 | Snake:4  | Lost mutation: Your system is resistant to poisons. (rPois) [mutagenic meat]
 54431 | Snake:4  | Found an iron altar of Okawaru.
 54527 | Snake:4  | Reached skill level 1 in Evocations
 54795 | Snake:4  | Reached skill level 22 in Polearms
 55075 | Snake:4  | Lost mutation: Your spells are a little easier to cast, but a little less powerful. [mutagenic meat]
 55086 | Snake:4  | Lost mutation: You are agile. (Dex +2) [mutagenic meat]
 55087 | Snake:4  | Gained mutation: You evolve. [mutagenic meat]
 55088 | Snake:4  | Gained mutation: You are surrounded by a mild repulsion field. (EV +2) [mutagenic meat]
 55138 | Snake:4  | Got a serpentine rune of Zot
 55466 | Vaults:1 | Entered Level 1 of the Vaults
 55496 | Vaults:2 | Found a staircase to the Crypt.
 55700 | Vaults:1 | Lost mutation: You are robust. (+10% HP) [mutagenic meat]
 55703 | Vaults:1 | Gained mutation: Your mind is acute. (Int +2) [mutagenic meat]
 55704 | Vaults:1 | Gained mutation: You passively map a small area around you. [mutagenic meat]
 55705 | Vaults:1 | Lost mutation: You occasionally shout uncontrollably at your foes. [mutagenic meat]
 55723 | Vaults:1 | Gained mutation: Your spells are a little harder to cast, but a little more powerful. [evolution]
 55994 | Vaults:1 | Reached XP level 22. HP: 180/180 MP: 31/31
 56020 | Vaults:1 | Found Budwef's General Store.
 56028 | Vaults:1 | Bought a scroll of brand weapon for 360 gold pieces
 56444 | Vaults:1 | Found Caodd's Antique Armour Emporium.
 56460 | Vaults:1 | Bought a pair of glowing gloves for 367 gold pieces
 56460 | Vaults:1 | Bought a polished scale mail for 315 gold pieces
 56460 | Vaults:1 | Identified the +2 scale mail of Brilliance {Str+3} (You bought it in a shop on level 1 of the Vaults)
 56776 | Vaults:1 | Found Cishrimee's Distillery.
 56776 | Vaults:1 | Found Huoll's Gadget Emporium.
 56784 | Vaults:1 | Bought a potion of curing for 36 gold pieces
 56784 | Vaults:1 | Bought a potion of curing for 36 gold pieces
 56784 | Vaults:1 | Bought a potion of beneficial mutation for 420 gold pieces
 56787 | Vaults:1 | Gained mutation: You are robust. (+10% HP) [potion of beneficial mutation]
 58603 | Vaults:3 | Got a pitted rapier
 58604 | Vaults:3 | Identified the cursed +2 rapier "Vaose" {venom, rC- rN+ Str+3 Stlth+} (You found it on level 3 of the Vaults)
 59204 | Vaults:3 | Noticed a golden dragon
 59282 | Vaults:3 | Reached XP level 23. HP: 100/206 MP: 16/33
 59514 | Vaults:5 | Entered Level 5 of the Vaults
 59783 | Vaults:3 | Killed a golden dragon
 59783 | Vaults:3 | Reached skill level 23 in Polearms
 60157 | Vaults:3 | Got a brightly glowing robe
 60161 | Vaults:3 | Got a bloodstained falchion
 60175 | Vaults:3 | Gained mutation: You have a pair of small horns on your head. [potion of beneficial mutation]
 60180 | Vaults:3 | Identified the +8 falchion of Blood {vamp, Dex+2} (You found it on level 3 of the Vaults)
 60181 | Vaults:3 | Identified the +1 robe of the Turtledove {+Fly rPois rC+ rCorr} (You found it on level 3 of the Vaults)
 60501 | Vaults:4 | Noticed Bai Suzhen
 60508 | Vaults:4 | Killed Bai Suzhen
 60534 | Vaults:4 | Noticed Aizul
 60568 | Vaults:4 | Killed Aizul
 60706 | Vaults:4 | Reached skill level 15 in Shields
 60859 | Vaults:4 | Got an ancient robe
 60860 | Vaults:4 | Identified the cursed +0 robe of the Lost Moons {rN+} (You found it on level 4 of the Vaults)
 60882 | Vaults:4 | Got a spiked ring mail
 60883 | Vaults:4 | Identified the +5 ring mail of the Crushed Lies {MR+} (You found it on level 4 of the Vaults)
 61087 | Vaults:4 | Noticed Boris
 61106 | Vaults:4 | Killed Boris
 61151 | Vaults:4 | Lost mutation: You are extremely resistant to the effects of hostile enchantments. (MR+++) [evolution]
 62114 | Vaults:5 | Noticed a golden dragon
 62159 | Vaults:4 | Killed a golden dragon
 62249 | Vaults:5 | Reached XP level 24. HP: 216/216 MP: 33/33
 62381 | Vaults:5 | Got a pitted war axe {flame}
 62635 | Vaults:5 | Got a blackened trident
 62636 | Vaults:5 | Identified the +1 trident "Imawuesa" {distort, rC+} (You found it on level 5 of the Vaults)
 62815 | Vaults:5 | Reached skill level 24 in Polearms
 62950 | Vaults:5 | Got a faintly glowing steel ring
 62973 | Vaults:5 | Got a slimy war axe {freeze}
 63034 | Vaults:5 | Identified the ring "Gimaq" {rElec rN+ Str-4 Dex+4 Stlth+} (You found it on level 5 of the Vaults)
 63291 | Vaults:5 | Got a pitted bronze ring
 63322 | Vaults:5 | Got a silver rune of Zot
 63469 | Vaults:5 | Identified the cursed ring of Dogma {+Blink +Inv Dex-3 SInv} (You took it off an ironheart preserver on level 5 of the Vaults)
 63473 | Vaults:5 | Identified the +10 war axe of the Eternal Warrior {flame, +Inv} (You took it off a deep elf death mage on level 5 of the Vaults)
 63474 | Vaults:5 | Identified the cursed +2 war axe "Lauzao Peiko" {freeze, rC+ MR- Dex+4 Stlth+} (You took it off a vault sentinel on level 5 of the Vaults)
 63652 | Vaults:5 | Found Nagi's General Store.
 63654 | Vaults:5 | Found Woklaroe's Antique Weapon Shoppe.
 63659 | Vaults:5 | Bought a scroll of enchant weapon for 105 gold pieces
 63659 | Vaults:5 | Bought a scroll of enchant weapon for 105 gold pieces
 64160 | Lair:1   | Learned a level 5 spell: Metabolic Englaciation
 64169 | Lair:1   | Learned a level 8 spell: Necromutation
 64369 | Slime:1  | Entered Level 1 of the Pits of Slime
 64446 | Slime:1  | Gained mutation: You regenerate slowly when monsters are visible. [a shining eye]
 64474 | Slime:1  | Reached skill level 5 in Transmutations
 64499 | Slime:2  | Gained mutation: You are occasionally teleported next to monsters. [a shining eye]
 64819 | Crypt:1  | Entered Level 1 of the Crypt
 65784 | Crypt:3  | Entered Level 3 of the Crypt
 66082 | Crypt:2  | Reached XP level 25. HP: 226/226 MP: 33/33
 66436 | Crypt:2  | Got a bloodstained trident
 66437 | Crypt:2  | Identified the +0 trident "Doox" {pierce, +Inv rC+ SInv} (You found it on level 2 of the Crypt)
 67679 | Crypt:3  | Noticed an ancient lich
 67679 | Crypt:3  | Noticed Sojobo
 67680 | Crypt:3  | Noticed an ancient lich
 67687 | Crypt:3  | Killed an ancient lich
 67718 | Crypt:3  | Found a staircase to the Tomb.
 67718 | Crypt:3  | Noticed an ancient lich
 67729 | Crypt:3  | Killed an ancient lich
 67994 | Crypt:3  | Killed Sojobo
 68006 | Crypt:3  | Killed an ancient lich
 69339 | Crypt:3  | Learned a level 2 spell: Blink
 69458 | Crypt:3  | Noticed an ancient lich
 69468 | Crypt:3  | Killed an ancient lich
 69588 | Crypt:3  | Reached skill level 1 in Translocations
 69838 | Crypt:3  | Reached XP level 26. HP: 236/236 MP: 33/33
 69906 | Tomb:1   | Entered Level 1 of the Tomb of the Ancients
 71054 | Tomb:1   | Reached skill level 10 in Transmutations
 71061 | Tomb:1   | Noticed an ancient lich
 71126 | Tomb:1   | Reached skill level 25 in Polearms
 71262 | Tomb:1   | Killed an ancient lich
 71392 | Tomb:1   | Noticed a greater mummy
 71426 | Tomb:1   | Killed a greater mummy
 71888 | Tomb:2   | Noticed a greater mummy
 71890 | Tomb:2   | Noticed a greater mummy
 72227 | Tomb:2   | Noticed a greater mummy
 72266 | Tomb:2   | Noticed a greater mummy
 72296 | Tomb:1   | Killed a greater mummy
 72574 | Tomb:1   | Gained mutation: You have an increased reservoir of magic. (+10% MP) [evolution]
 72825 | Tomb:1   | Killed a greater mummy
 72851 | Tomb:1   | Killed a greater mummy
 72882 | Tomb:1   | Killed a greater mummy
 74080 | Tomb:2   | Got a shimmering great sword
 74091 | Tomb:2   | Identified the cursed +3 great sword of Infection {freeze, rF+ MR+ Dex+2} (You found it on level 2 of the Tomb of the Ancients)
 74207 | Tomb:1   | Noticed a greater mummy
 74537 | Tomb:1   | Noticed a greater mummy
 74544 | Tomb:1   | Killed a greater mummy
 74833 | Tomb:1   | Killed a greater mummy
 74989 | Tomb:1   | Noticed a greater mummy
 75007 | Tomb:1   | Killed a greater mummy
 75083 | Tomb:1   | Noticed a greater mummy
 75106 | Tomb:1   | Killed a greater mummy
 75377 | Tomb:1   | Noticed a greater mummy
 75382 | Tomb:1   | Noticed a greater mummy
 75391 | Tomb:1   | Killed a greater mummy
 75425 | Tomb:1   | Killed a greater mummy
 75435 | Tomb:1   | Reached XP level 27. HP: 97/241 MP: 38/38
 75726 | Tomb:1   | Noticed a greater mummy
 75729 | Tomb:1   | Noticed a greater mummy
 75774 | Tomb:1   | Killed a greater mummy
 75954 | Tomb:1   | Noticed a greater mummy
 75967 | Tomb:1   | Killed a greater mummy
 75970 | Tomb:1   | Noticed a greater mummy
 75984 | Tomb:1   | Killed a greater mummy
 76622 | Tomb:1   | Noticed a greater mummy
 76636 | Tomb:1   | Noticed a greater mummy
 76696 | Tomb:1   | Killed a greater mummy
 77045 | Tomb:1   | Killed a greater mummy
 77045 | Tomb:1   | Reached skill level 5 in Translocations
 77120 | Tomb:1   | Noticed a greater mummy
 77134 | Tomb:1   | Killed a greater mummy
 77767 | Tomb:1   | Noticed a greater mummy
 77781 | Tomb:1   | Noticed a greater mummy
 78059 | Tomb:1   | Killed a greater mummy
 78399 | Tomb:1   | Killed a greater mummy
 78437 | Tomb:1   | Killed a greater mummy
 79080 | Tomb:3   | Entered Level 3 of the Tomb of the Ancients
 79926 | Tomb:2   | Reached skill level 10 in Necromancy
 80618 | Tomb:3   | Noticed a greater mummy
 80914 | Tomb:3   | Noticed a greater mummy
 80937 | Tomb:2   | Killed a greater mummy
 81876 | Tomb:3   | Noticed DwarfAlpaca's ghost (legendary GrFi)
 81907 | Tomb:3   | Noticed a greater mummy
 82023 | Tomb:2   | Lost mutation: You regenerate slowly when monsters are visible. [evolution]
 82045 | Tomb:2   | Killed a greater mummy
 82468 | Tomb:2   | Killed a greater mummy
 82917 | Tomb:3   | Got a shimmering leather armour
 83025 | Tomb:3   | Got a slimy falchion
 83033 | Tomb:3   | Got a pitted plate armour
 83034 | Tomb:3   | Identified Zoah's Tome of Conjuration and Toxins
 83039 | Tomb:3   | Got a sapphire-encrusted chain mail
 83045 | Tomb:3   | Identified the +2 plate armour "Plog" {Int+6 Dex-2} (You found it on level 3 of the Tomb of the Ancients)
 83046 | Tomb:3   | Identified the +2 leather armour of the Abyss {rElec} (You took it off a mummy priest on level 3 of the Tomb of the Ancients)
 83047 | Tomb:3   | Identified the cursed +1 chain mail of Vexation {*Slow rPois Str+8 Dex-3} (You found it on level 3 of the Tomb of the Ancients)
 83048 | Tomb:3   | Identified the +1 ring mail "Ysefurgh" {+Inv rN+ Regen+} (You found it on level 3 of the Tomb of the Ancients)
 83049 | Tomb:3   | Noticed a greater mummy
 83062 | Tomb:3   | Killed a greater mummy
 83191 | Tomb:3   | Noticed a greater mummy
 83191 | Tomb:3   | Noticed an ancient lich
 83192 | Tomb:3   | Noticed an ancient lich
 83193 | Tomb:3   | Noticed Khufu
 83515 | Tomb:3   | Noticed a greater mummy
 83540 | Tomb:3   | Killed a greater mummy
 84023 | Tomb:2   | Killed a greater mummy
 84264 | Tomb:3   | Got a vibrating jade ring
 84302 | Tomb:3   | Identified the +4 falchion "Ommeir" {holy, Str+4} (You found it on level 3 of the Tomb of the Ancients)
 84303 | Tomb:3   | Identified the ring of Tiumn {*Contam rElec MR- SInv Stlth+} (You found it on level 3 of the Tomb of the Ancients)
 84366 | Tomb:3   | Killed an ancient lich
 84927 | Tomb:3   | Killed Khufu
 85261 | Tomb:3   | Got a golden rune of Zot
 85462 | Tomb:3   | Killed DwarfAlpaca's ghost
 86347 | Depths:2 | Found a portal to a secret trove of treasure.
 87704 | Elf:1    | Bought a scroll of enchant armour for 82 gold pieces
 87960 | Depths:2 | You paid a toll of +3 fire dragon scales to enter a treasure trove
 87961 | Trove    | Entered a treasure trove
 87980 | Trove    | Got a smoking hand crossbow
 87982 | Trove    | Got a brightly glowing hunting sling
 88002 | Trove    | Got a flickering ivory amulet
 88004 | Trove    | Got a scorched tin amulet
 88007 | Trove    | Got a flickering copper amulet
 88023 | Trove    | Identified the amulet of Descent {Faith -Tele rF++ rN+++} (You found it in a treasure trove)
 88287 | Depths:2 | Reached skill level 15 in Transmutations
 88289 | Depths:2 | Found a runed gate.
 88289 | Depths:2 | Found a runed gate.
 88289 | Depths:2 | Found a runed gate.
 88367 | Depths:2 | Lost mutation: You are occasionally teleported next to monsters. [mutagenic meat]
 88406 | Depths:2 | Found a runed gate.
 88406 | Depths:2 | Found a runed gate.
 88406 | Depths:2 | Found a runed gate.
 88438 | Depths:2 | Reached skill level 10 in Spellcasting
 88917 | Hell     | Entered the Vestibule of Hell
 88917 | Hell     | Noticed Geryon
 89478 | Depths:2 | Got a bloodstained chain mail
 89489 | Depths:2 | Got a steaming buckler
 89500 | Depths:2 | Identified the +3 buckler "Jinaaj" {rPois rC++} (You found it on level 2 of the Depths)
 89647 | Depths:2 | Identified the +9 chain mail "Agaerrati" {+Blink rF- rC+++ Dex-4} (You found it on level 2 of the Depths)
 89664 | Depths:2 | Identified the amulet of Xom's Favour {Reflect rPois SH+2} (You found it in a treasure trove)
 89666 | Depths:2 | Identified the amulet of Loakab {Spirit Int+2} (You found it in a treasure trove)
 89684 | Depths:2 | Voluntarily entered the Abyss.
 89685 | Abyss:1  | Found a corrupted altar of Lugonu.
 89730 | Abyss:1  | Got an ichor-stained shortbow
 89768 | Abyss:1  | Reached skill level 26 in Polearms
 90503 | Abyss:3  | Found a corrupted altar of Lugonu.
 90560 | Abyss:3  | Found a corrupted altar of Lugonu.
 90888 | Abyss:3  | Paralysed by accursed screaming for 2 turns
 90921 | Abyss:3  | Gained mutation: Your body sometimes deteriorates upon taking damage. [a neqoxec]
 90923 | Abyss:3  | Lost mutation: You have an increased reservoir of magic. (+10% MP) [a neqoxec]
 90929 | Abyss:3  | Lost mutation: Your mind is acute. (Int +2) [a neqoxec]
 91018 | Abyss:4  | Noticed an ancient lich
 91018 | Abyss:4  | Noticed an ancient lich
 91018 | Abyss:4  | Noticed an ancient lich
 91032 | Abyss:4  | Killed an ancient lich
 91041 | Abyss:4  | Killed an ancient lich
 91047 | Abyss:4  | Killed an ancient lich
 91186 | Abyss:4  | Got an abyssal rune of Zot
 91256 | Abyss:5  | Entered Level 5 of the Abyss
 91262 | Abyss:5  | Got a coiled lead ring
 91264 | Abyss:5  | Identified the ring "Qotogh" {Str+2 Dex+4} (You found it on level 5 of the Abyss)
 91334 | Abyss:5  | Found a corrupted altar of Lugonu.
 91585 | Depths:2 | Escaped the Abyss
 91693 | Depths:2 | Lost mutation: You are partially covered in large bone plates. (SH +4) [evolution]
 91693 | Depths:2 | Lost mutation: You evolve. [end of evolution]
 92204 | Hell     | Killed Geryon
 92496 | Hell     | Found a gateway to the decaying netherworld of Tartarus.
 92650 | Hell     | Found a gateway to the ashen valley of Gehenna.
 92711 | Hell     | Found a gateway to the Iron City of Dis.
 92786 | Hell     | Found a gateway to the freezing wastes of Cocytus.
 92904 | Geh:1    | Entered Level 1 of Gehenna
 94598 | Geh:7    | Entered Level 7 of Gehenna
 95316 | Geh:7    | Killed from afar by a Brimstone Fiend

Skill      XL: |  1  2  3  4  5  6  7  8  9 10 11 12 13 14 15 16 17 18 19 20 21 22 23 24 25 26 27 |
---------------+----------------------------------------------------------------------------------+-----
Polearms       | 5 6 7 9 11 13 15 16 17 18 19 20 21 22 23 24 25 26 | 26.8
Dodging        | 5 6 7 9 10 11 12 13 14 15 16 17 18 19 20 | 20.8
Stealth        | 1 2 3 4 5 6 7 9 10 11 12 13 14 15 16 17 18 19 | 19.5
Armour         | 1 2 3 4 5 6 7 8 |  8.5
Fighting       | 3 4 5 6 8 9 11 12 13 14 15 16 17 18 19 21 | 21.1
Throwing       | 3 4 5 6 8 9 10 11 | 11.4
Hexes          | 4 5 6 7 |  7.3
Spellcasting   | 3 4 5 6 7 12 | 12.4
Conjurations   | 2 4 5 |  5.4
Poison Magic   | 4 |  4.7
Transmutations | 4 6 9 11 18 | 18.0
Invocations    | 3 5 8 10 11 | 11.4
Shields        | 3 4 6 10 11 13 14 15 17 18 23 | 23.1
Necromancy     | 3 6 8 9 12 | 12.4
Ice Magic      | 2 |  2.4
Evocations     | 1 |  1.4
Translocations | 1 4 6 |  6.1

Action                   |  1- 3 |  4- 6 |  7- 9 | 10-12 | 13-15 | 16-18 | 19-21 | 22-24 | 25-27 || total
-------------------------+-------+-------+-------+-------+-------+-------+-------+-------+-------++-------
Melee: Trident           |   128 |   265 |   263 |   744 |  1633 |       |       |       |       ||  3033
       Tailslap          |     4 |       |       |       |    10 |   115 |    57 |     6 |    52 ||   244
       Bite              |       |       |       |    72 |   238 |   190 |   462 |   401 |  1069 ||  2432
       Halberd           |       |       |       |       |   228 |   804 |       |       |       ||  1032
       Spear             |       |       |       |       |       |   956 |   819 |       |       ||  1775
       Demon trident     |       |       |       |       |       |       |  1456 |  1881 |  4932 ||  8269
       Hand axe          |       |       |       |       |       |       |     1 |       |       ||     1
       Headbutt          |       |       |       |       |       |       |       |   377 |  1823 ||  2200
Throw: Tomahawk          |       |       |     7 |    44 |    22 |    33 |       |       |       ||   106
       Throwing net      |       |       |       |     1 |       |     1 |       |       |       ||     2
       Javelin           |       |       |       |       |       |   157 |   241 |    11 |   177 ||   586
 Cast: Dazzling Spray    |       |       |       |       |       |    76 |    25 |    22 |     6 ||   129
       Confuse           |       |       |       |       |       |    12 |     3 |     2 |       ||    17
       Ensorcelled Hiber |       |       |       |       |       |       |       |    21 |     4 ||    25
       Blink             |       |       |       |       |       |       |       |       |     4 ||     4
       Alistair's Intoxi |       |       |       |       |       |       |       |       |     2 ||     2
Invok: Shadow Step       |       |       |       |     1 |       |       |       |       |       ||     1
       Shadow Form       |       |       |       |       |       |       |       |       |     9 ||     9
Evoke: Wand              |       |       |     2 |       |     3 |     5 |     6 |     2 |     3 ||    21
       Phial of floods   |       |       |       |       |       |       |       |     1 |       ||     1
       Horn of Geryon    |       |       |       |       |       |       |       |       |     1 ||     1
  Use: Scroll            |       |     7 |     1 |     4 |    26 |    14 |    27 |    23 |    24 ||   126
       Potion            |       |       |     1 |    14 |     2 |    13 |     3 |     2 |     3 ||    38
 Stab: Sleeping          |       |     5 |     6 |    23 |    17 |    40 |    84 |    79 |    83 ||   337
       Distracted        |       |     2 |     3 |     7 |     5 |    30 |    17 |    31 |    47 ||   142
       Invisible         |       |       |       |       |       |    12 |    14 |    22 |    64 ||   112
       Confused          |       |       |       |       |       |    20 |       |     3 |     1 ||    24
       Paralysed         |       |       |       |       |       |       |       |       |     2 ||     2
  Eat: Chunk             |       |     8 |    13 |    18 |    56 |    69 |   114 |    33 |    12 ||   323
       Pizza             |       |     1 |       |       |       |       |     1 |       |     3 ||     5
       Meat ration       |       |       |       |     1 |     1 |     1 |       |       |    13 ||    16
       Beef jerky        |       |       |       |       |       |     1 |       |       |       ||     1
       Bread ration      |       |       |       |       |       |       |     1 |     1 |     3 ||     5
       Fruit             |       |       |       |       |       |       |     5 |       |    11 ||    16
       Royal jelly       |       |       |       |       |       |       |       |       |     1 ||     1
Armor: Leather armour    |    34 |    30 |       |       |     3 |    96 |    73 |    63 |   244 ||   543
       Robe              |       |       |    24 |    59 |       |       |       |     1 |       ||    84
       Skin              |       |       |       |     1 |       |       |       |       |       ||     1
       Chain mail        |       |       |       |       |   313 |       |       |       |       ||   313
Dodge: Dodged            |   102 |   139 |   127 |   484 |   908 |  1020 |   808 |   633 |  2030 ||  6251
Block: Buckler           |       |       |       |       |    11 |   121 |       |       |       ||   132
       Large shield      |       |       |       |       |       |   211 |  1648 |  1670 |  5641 ||  9170
